[Event "Titled Tuesday Blitz April 12 Early 2022"]
[White "Stribuk, Artiom"]
[Black "Brodowski, Piotr"]
[WhiteFideId "13515659"]
[BlackFideId "1124480"]
[WhiteElo "2259"]
[BlackElo "2422"]
[Result "1-0"]
[Round "04"]
[TimeControl "180+1"]
[Date "2022.04.12"]
[WhiteClock "0:00:58"]
[BlackClock "0:00:26"]

1. d4 c5 2. d5 d6 3. e4 Nf6 4. Nc3 g6 5. Nf3 Bg7 6. h3 O-O 7. Bc4 Na6 8. O-O Nc7 9. Re1 a6 10. a4 b6 11. Bg5 Bb7 12. Qd3 Nd7 13. Bf4 Kh8 14. e5 dxe5 15. Nxe5 Ne8 16. Nc6 Bxc6 17. dxc6 Ndf6 18. Qxd8 Rxd8 19. Rxe7 Nd6 20. Bxa6 Nf5 21. Ra7 Nd5 22. Nxd5 Rxd5 23. c7 Ne7 24. Re1 Bf6 25. Rxe7 Bxe7 26. c8=Q Rxc8 27. Bxc8 Bf6 28. Rxf7 Bxb2 29. Bh6 Rd8 30. Be6 Be5 31. g3 Re8 32. Kg2 1-0


[Site "https://www.chess.com"]

[Event "Titled Tuesday Blitz April 12 Early 2022"]
[White "Svane, Rasmus"]
[Black "Pinheiro, Iung Alicio de O."]
[WhiteFideId "4657101"]
[BlackFideId "2104350"]
[WhiteElo "2645"]
[BlackElo "2598"]
[Result "1-0"]
[Round "04"]
[TimeControl "180+1"]
[Date "2022.04.12"]
[WhiteClock "0:00:35"]
[BlackClock "0:00:30"]

1. Nf3 c5 2. c4 g6 3. d4 cxd4 4. Nxd4 Nc6 5. e4 Nf6 6. Nc3 d6 7. f3 Nxd4 8. Qxd4 Bg7 9. Be3 O-O 10. Qd2 a5 11. Be2 a4 12. Kf2 Be6 13. Nb5 Nd7 14. Nd4 Nc5 15. h4 Bd7 16. h5 f5 17. hxg6 fxe4 18. Bh6 Nd3+ 19. Bxd3 Bxd4+ 20. Be3 Bxe3+ 21. Qxe3 exd3 22. Rxh7 e5 23. Rh8+ Kg7 24. Qh6+ Kf6 25. g7+ 1-0


[Site "https://www.chess.com"]

[Event "Titled Tuesday Blitz April 12 Early 2022"]
[White "Sychev, Klementy"]
[Black "Karas, Marek"]
[WhiteFideId "4114060"]
[BlackFideId "14928558"]
[WhiteElo "2564"]
[BlackElo "2271"]
[Result "1-0"]
[Round "04"]
[TimeControl "180+1"]
[Date "2022.04.12"]
[WhiteClock "0:00:51"]
[BlackClock "0:00:06"]

1. e4 e6 2. Qe2 c5 3. g3 Nc6 4. Nf3 Nf6 5. Bg2 d5 6. exd5 Nxd5 7. O-O Be7 8. Rd1 O-O 9. d4 cxd4 10. Nxd4 Nxd4 11. Rxd4 Bf6 12. Rd1 Qb6 13. c4 Nb4 14. Nc3 Rd8 15. Be3 Qc7 16. Nb5 Qe7 17. Rxd8+ Qxd8 18. Rd1 Qe7 19. Qd2 Nc6 20. Qd6 Qxd6 21. Rxd6 h6 22. b3 Be5 23. Rd2 a6 24. Nd6 Kf8 25. Bc5 Kg8 26. Bb6 Kf8 27. f4 Bc3 28. Rd3 Bb4 29. Nxc8 Rxc8 30. Rd7 Rb8 31. Kf2 Ke8 32. Rxb7 Rxb7 33. Bxc6+ Rd7 34. Ke3 Ke7 35. Bxd7 Kxd7 36. Kd4 Kc6 37. Ba7 Be1 38. Kd3 g5 39. a3 g4 40. Bd4 h5 41. Ke2 Ba5 42. b4 Bc7 43. a4 f5 44. b5+ axb5 45. axb5+ Kb7 46. c5 h4 47. c6+ Kc8 48. b6 Bd6 49. Be5 Bxe5 50. fxe5 h3 51. Ke3 Kb8 52. Kd4 Kc8 53. Kc5 f4 54. Kd6 fxg3 55. b7+ Kb8 56. Kd7 gxh2 57. c7+ Ka7 58. b8=Q+ 1-0


[Site "https://www.chess.com"]

[Event "Titled Tuesday Blitz April 12 Early 2022"]
[White "Sztokbant, Bernardo Vainzoff"]
[Black "Nugumanov, Bakhtiyar"]
[WhiteFideId "2115956"]
[BlackFideId "13701797"]
[WhiteElo "2225"]
[BlackElo "2262"]
[Result "1/2-1/2"]
[Round "04"]
[TimeControl "180+1"]
[Date "2022.04.13"]
[WhiteClock "0:00:17"]
[BlackClock "0:00:13"]

1. e4 c6 2. Nc3 d5 3. Nf3 dxe4 4. Nxe4 Nf6 5. Qe2 Nxe4 6. Qxe4 Be6 7. Bc4 Bd5 8. Qe2 Bxc4 9. Qxc4 e6 10. O-O Be7 11. d4 O-O 12. c3 Nd7 13. Re1 c5 14. Bf4 Rc8 15. Rad1 Qb6 16. d5 exd5 17. Rxd5 Qc6 18. Rxe7 Nb6 19. Qxc5 Qxd5 20. Qe3 Qd1+ 21. Qe1 Qxe1+ 22. Rxe1 Rfe8 23. Kf1 f6 24. Nd4 Na4 25. Bc1 Rxe1+ 26. Kxe1 Kf7 27. Ke2 Nc5 28. Be3 Re8 29. f3 Ne6 30. Nb5 Nf4+ 31. Kf2 Nd3+ 32. Ke2 Nf4+ 33. Kf2 Nd3+ 34. Ke2 Nf4+ 1/2-1/2


[Site "https://www.chess.com"]

[Event "Titled Tuesday Blitz April 12 Early 2022"]
[White "Tanenbaum, Zachary"]
[Black "Gharibyan, Mamikon"]
[WhiteFideId "2060850"]
[BlackFideId "13308300"]
[WhiteElo "2168"]
[BlackElo "2254"]
[Result "1/2-1/2"]
[Round "04"]
[TimeControl "180+1"]
[Date "2022.04.12"]
[WhiteClock "0:00:13"]
[BlackClock "0:00:03"]

1. e4 e5 2. Nf3 Nc6 3. Bc4 Bc5 4. c3 Nf6 5. d3 d6 6. Nbd2 a5 7. a4 h6 8. Nf1 Be6 9. Bxe6 fxe6 10. Ng3 O-O 11. O-O Bb6 12. Be3 Bxe3 13. fxe3 d5 14. Nd2 Qd7 15. Qe2 Rad8 16. Rad1 Rf7 17. d4 Rdf8 18. h3 exd4 19. exd4 e5 20. exd5 Qxd5 21. dxe5 Qxe5 22. Qxe5 Nxe5 23. Nde4 Nc4 24. Nxf6+ Rxf6 25. Rxf6 Rxf6 26. b3 Nd6 27. Rd5 b6 28. Ne2 Kf7 29. Nd4 Ke7 30. b4 axb4 31. cxb4 Rf8 32. a5 Kd7 33. axb6 cxb6 34. Nf3 Rf4 35. Rd4 Rxd4 36. Nxd4 Ne4 37. Kf1 Nc3 38. Ke1 g6 39. Kd2 Nd5 40. b5 Kd6 41. Kd3 Kc5 42. Ke4 Nc3+ 43. Kd3 Nxb5 44. Ne6+ Kd6 45. Nf4 g5 46. Nh5 Ke5 47. Ng3 Nd6 48. Ne2 b5 49. Nd4 Kd5 50. Nb3 h5 51. Nd4 b4 52. Nf3 g4 53. hxg4 hxg4 54. Nh2 g3 55. Nf1 Nf5 56. Kc2 Kc4 57. Kb2 Kb5 58. Kb3 Nd4+ 59. Kb2 Ne2 60. Kb3 Nd4+ 61. Kb2 Nf5 62. Kb3 Kc5 63. Kb2 Kc4 64. Nd2+ Kd3 65. Nf1 Kc4 66. Nd2+ Kc5 67. Nf1 Kb5 1/2-1/2


[Site "https://www.chess.com"]

[Event "Titled Tuesday Blitz April 12 Early 2022"]
[White "Tasev, Dejan"]
[Black "Rustemov, Alexander"]
[WhiteFideId "936618"]
[BlackFideId "4119002"]
[WhiteElo "2253"]
[BlackElo "2830"]
[Result "1-0"]
[Round "04"]
[TimeControl "180+1"]
[Date "2022.04.12"]
[WhiteClock "0:00:14"]
[BlackClock "0:00:03"]

1. e4 e6 2. d4 d5 3. Nc3 Bb4 4. exd5 exd5 5. Bd3 Nc6 6. Ne2 Nge7 7. a3 Ba5 8. O-O Bf5 9. Be3 O-O 10. Ng3 Bxd3 11. Qxd3 Bxc3 12. Qxc3 Qd7 13. Qd3 Rfe8 14. Rfe1 Ng6 15. b4 a6 16. c3 Nce7 17. a4 Nc8 18. a5 Nd6 19. Bd2 Rxe1+ 20. Rxe1 Re8 21. Rxe8+ Qxe8 22. Kf1 f6 23. Qe2 Qd7 24. h3 Kf7 25. Qh5 Kg8 26. Qxd5+ Kf8 27. Qf3 Ne7 28. Kg1 Nc4 29. Be1 Qd5 30. Qd3 g6 31. Ne4 Kf7 32. Nc5 Nd6 33. Qd2 Nef5 34. Qe2 h5 35. Bd2 Nc4 36. Bf4 b6 37. Nxa6 bxa5 38. Nxc7 Qc6 39. d5 Qa4 40. Qxc4 Qd1+ 41. Kh2 g5 42. d6+ Kg6 43. Qg8+ Kh6 44. Qf8+ Kg6 45. Ne8 gxf4 46. Qxf6+ Kh7 47. Qxf5+ Kg8 48. Nf6+ Kf8 49. Ne4+ Ke8 50. Qe6+ Kf8 51. Qe7+ Kg8 52. Nf6+ 1-0


[Site "https://www.chess.com"]

[Event "Titled Tuesday Blitz April 12 Early 2022"]
[White "Tsyhanchuk, Stanislav"]
[Black "Domingo Nunez, Alejandro"]
[WhiteFideId "13505130"]
[BlackFideId "22245561"]
[WhiteElo "2078"]
[BlackElo "2215"]
[Result "0-1"]
[Round "04"]
[TimeControl "180+1"]
[Date "2022.04.13"]
[WhiteClock "0:00:16"]
[BlackClock "0:00:59"]

1. e4 g6 2. d4 Bg7 3. Nc3 c6 4. Nf3 d5 5. h3 dxe4 6. Nxe4 Nf6 7. Bd3 O-O 8. O-O a5 9. a4 Na6 10. c3 Be6 11. Bxa6 bxa6 12. Nc5 Bd5 13. Re1 Nd7 14. Nxd7 Qxd7 15. Ne5 Qb7 16. Nd3 c5 17. Nxc5 Qc6 18. Qg4 e5 19. Bg5 f5 20. Qg3 f4 21. Qg4 h6 22. Be7 Rf7 23. Bh4 g5 24. Bxg5 hxg5 25. Qxg5 Rf6 26. Rxe5 Rg6 27. Rxd5 Rxg5 28. Rxg5 f3 29. Re1 Rf8 30. Re7 Rf7 31. Re6 Qc8 32. Reg6 Kh7 33. Ne6 Bf6 34. Rg4 Qxe6 35. gxf3 Qf5 36. h4 Qxg6 37. Rxg6 Kxg6 38. Kg2 Bxh4 39. f4 Rxf4 40. f3 Kf5 41. Kh3 Be1 42. Kg2 Rh4 43. Kf1 Rh1+ 44. Ke2 Bg3 45. Kd3 Rh2 46. b4 axb4 47. cxb4 Be1 48. b5 axb5 49. axb5 Ke6 50. f4 Kd5 51. f5 Rh3+ 52. Ke2 Ba5 53. f6 Kxd4 54. f7 Rh8 55. Kf3 Rf8 56. Kg4 Rxf7 57. Kg5 Rf1 58. Kg6 Bb6 59. Kg5 Kc4 60. Kg6 Kxb5 61. Kg5 Kc4 62. Kg6 Kd3 63. Kg7 Ke4 64. Kh6 Kf5 65. Kh5 Rh1# 0-1


[Site "https://www.chess.com"]

[Event "Titled Tuesday Blitz April 12 Early 2022"]
[White "Uzuner, Tufan Can"]
[Black "Silva, Kaua Marques"]
[WhiteFideId "6300499"]
[BlackFideId "22701168"]
[WhiteElo "2103"]
[BlackElo "2071"]
[Result "0-1"]
[Round "04"]
[TimeControl "180+1"]
[Date "2022.04.13"]
[WhiteClock "0:00:30"]
[BlackClock "0:00:57"]

1. d4 Nf6 2. Nf3 c5 3. e3 g6 4. c3 Bg7 5. dxc5 O-O 6. b4 a5 7. Bb2 Ne4 8. Qd5 Nf6 9. Qb3 d6 10. cxd6 Ne4 11. a3 Qxd6 12. Be2 Be6 13. Qc2 Bf5 14. Bd3 Nxf2 15. Bxf5 Nxh1 16. Be4 axb4 17. axb4 Rxa1 18. Bxa1 Nc6 19. Bb2 Rc8 20. Qd3 Qxd3 21. Bxd3 Nxb4 22. cxb4 Bxb2 23. Ke2 Bc3 24. b5 Ba5 25. Na3 Rc1 26. Nc4 Bb4 27. Nce5 g5 28. Ng4 h5 29. Nge5 f6 30. Nc4 g4 31. Nd4 Re1# 0-1


[Site "https://www.chess.com"]

[Event "Titled Tuesday Blitz April 12 Early 2022"]
[White "Vinod, Kumar Sharma"]
[Black "Osmonbekov, Talaibek"]
[WhiteFideId "5013518"]
[BlackFideId "2017253"]
[WhiteElo "2154"]
[BlackElo "2135"]
[Result "1-0"]
[Round "04"]
[TimeControl "180+1"]
[Date "2022.04.13"]
[WhiteClock "0:00:51"]
[BlackClock "0:00:02"]

1. e4 c5 2. Nf3 d6 3. d4 cxd4 4. Nxd4 Nf6 5. Nc3 g6 6. Be3 Bg7 7. f3 O-O 8. Qd2 Nc6 9. Bc4 Bd7 10. Bb3 a6 11. h4 h5 12. O-O-O b5 13. g4 Nxd4 14. Bxd4 a5 15. gxh5 Nxh5 16. Bxg7 Kxg7 17. e5 a4 18. Bd5 Rc8 19. exd6 exd6 20. Be4 b4 21. Qd4+ Qf6 22. Nd5 Qxd4 23. Rxd4 b3 24. axb3 axb3 25. c3 Ra8 26. Nb6 Ra1+ 27. Kd2 Rxh1 28. Nxd7 Rd8 29. Nb6 Rh2+ 30. Kc1 Rxh4 31. Rd1 Nf4 32. Nc4 d5 33. Ne3 dxe4 34. Rxd8 exf3 35. Rb8 f2 36. Rxb3 Rh1+ 37. Kd2 Nd5 38. Nf1 Rxf1 39. Ke2 Rb1 40. Kxf2 g5 41. Rb5 Rd1 42. c4 Nf4 43. Rxg5+ Kf6 44. Rb5 Rc1 45. b3 Rc3 46. Ke1 1-0


[Site "https://www.chess.com"]

[Event "Titled Tuesday Blitz April 12 Early 2022"]
[White "Vlassov, Nikolai"]
[Black "Bychkov, Vladimir"]
[WhiteFideId "4103360"]
[BlackFideId "24151513"]
[WhiteElo "2407"]
[BlackElo "2197"]
[Result "1/2-1/2"]
[Round "04"]
[TimeControl "180+1"]
[Date "2022.04.13"]
[WhiteClock "0:00:49"]
[BlackClock "0:01:45"]

1. e4 e6 2. d4 d5 3. exd5 exd5 4. Nf3 Bd6 5. c4 c6 6. Bd3 Nf6 7. O-O O-O 8. Nc3 Nbd7 9. Bg5 h6 10. Bh4 Re8 11. cxd5 cxd5 12. Nxd5 Qa5 13. Nxf6+ Nxf6 14. Bxf6 gxf6 15. h3 Qh5 16. Bc2 Bxh3 17. Qd3 Bxg2 18. Kxg2 Qg4+ 19. Kh1 Qh3+ 20. Kg1 Qg4+ 21. Kh1 Qh3+ 22. Kg1 Qg4+ 23. Kh1 1/2-1/2


[Site "https://www.chess.com"]

[Event "Titled Tuesday Blitz April 12 Early 2022"]
[White "Vusatiuk, Vladimir"]
[Black "Zhigalko, Sergei"]
[WhiteFideId "14118610"]
[BlackFideId "13502956"]
[WhiteElo "2157"]
[BlackElo "2662"]
[Result "0-1"]
[Round "04"]
[TimeControl "180+1"]
[Date "2022.04.12"]
[WhiteClock "0:00:03"]
[BlackClock "0:01:00"]

1. d4 Nf6 2. c4 e6 3. Nc3 Bb4 4. e3 O-O 5. Bd3 d5 6. Nf3 b6 7. cxd5 exd5 8. Bd2 Bb7 9. Qc2 a6 10. O-O-O Re8 11. h4 c5 12. Ng5 h6 13. f3 cxd4 14. exd4 Nc6 15. Ne2 Rc8 16. Bc3 Bxc3 17. bxc3 Nb4 18. Qb1 Nxd3+ 19. Qxd3 Qe7 20. Nf4 Qa3+ 21. Kb1 Rxc3 22. Qf5 Bc8 23. Nxd5 Bxf5+ 0-1


[Site "https://www.chess.com"]

[Event "Titled Tuesday Blitz April 12 Early 2022"]
[White "Weetik, Vjacheslav"]
[Black "Eynullayev, Atilla"]
[WhiteFideId "4153472"]
[BlackFideId "13413570"]
[WhiteElo "2469"]
[BlackElo "1936"]
[Result "1-0"]
[Round "04"]
[TimeControl "180+1"]
[Date "2022.04.13"]
[WhiteClock "0:00:12"]
[BlackClock "0:00:03"]

1. d4 Nf6 2. Nf3 d5 3. c4 e6 4. Nc3 c5 5. e3 Nc6 6. a3 dxc4 7. Bxc4 a6 8. Ba2 b5 9. O-O Bb7 10. Qe2 cxd4 11. exd4 Nxd4 12. Nxd4 Qxd4 13. Be3 Qg4 14. f3 Qh5 15. g4 Qe5 16. Qf2 Be7 17. Rae1 O-O 18. Bd4 Qc7 19. Bb1 Rad8 20. Bb6 Qc8 21. Rc1 Rd7 22. Nd5 Bxd5 23. Rxc8 Rxc8 24. Bd4 Bd6 25. Qh4 h6 26. Bxf6 gxf6 27. Qxh6 Bf8 28. Qh7# 1-0


[Site "https://www.chess.com"]

[Event "Titled Tuesday Blitz April 12 Early 2022"]
[White "Winkels, Marcel"]
[Black "Manukyan, Sargis A."]
[WhiteFideId "1003887"]
[BlackFideId "13303970"]
[WhiteElo "1900"]
[BlackElo "2187"]
[Result "0-1"]
[Round "04"]
[TimeControl "180+1"]
[Date "2022.04.13"]
[WhiteClock "0:00:02"]
[BlackClock "0:00:19"]

1. e4 c5 2. Nf3 d6 3. d4 cxd4 4. Nxd4 Nf6 5. Nc3 g6 6. Be3 Bg7 7. f3 O-O 8. Qd2 Nc6 9. O-O-O d5 10. exd5 Nxd5 11. Nxc6 bxc6 12. Bd4 e5 13. Bc5 Be6 14. Ne4 Re8 15. Kb1 h6 16. g4 Qc7 17. h4 Red8 18. Bd3 Nf4 19. Qe3 Rd7 20. g5 h5 21. Nf6+ Bxf6 22. gxf6 Rad8 23. Be7 Rb8 24. Rhg1 Qa5 25. b3 Qc3 26. Qd2 Qxd2 27. Rxd2 Nd5 28. Kb2 Nxe7 29. fxe7 Rxe7 30. Be4 Rc8 31. Rd6 c5 32. c4 Kg7 33. Rgd1 f5 34. Bd5 Bxd5 35. R1xd5 Rcc7 36. Kc3 e4 37. fxe4 Rxe4 38. Rd7+ Rxd7 39. Rxd7+ Kf6 40. a3 f4 41. b4 f3 42. Rd1 Re3+ 43. Kb2 f2 44. Rf1 Rf3 45. bxc5 Ke6 46. Kc2 Kd7 47. Kd2 Kc6 48. Ke2 Rxa3 49. Kxf2 Rh3 50. Rg1 Rxh4 51. Rxg6+ Kxc5 52. Ra6 Rf4+ 53. Kg3 Rf7 54. Kh4 Rh7 55. Ra5+ Kxc4 0-1


[Site "https://www.chess.com"]

[Event "Titled Tuesday Blitz April 12 Early 2022"]
[White "Xiong, Jeffery"]
[Black "Hansen, Eric"]
[WhiteFideId "2047640"]
[BlackFideId "2606771"]
[WhiteElo "2727"]
[BlackElo "2568"]
[Result "1/2-1/2"]
[Round "04"]
[TimeControl "180+1"]
[Date "2022.04.12"]
[WhiteClock "0:00:06"]
[BlackClock "0:00:07"]

1. e4 e5 2. Nf3 Nc6 3. Nc3 Nf6 4. d4 exd4 5. Nxd4 Bb4 6. Nxc6 bxc6 7. Bd3 d5 8. exd5 O-O 9. O-O cxd5 10. h3 c6 11. Qf3 Be6 12. Bf4 Bd6 13. Ne2 Re8 14. Rfd1 Rb8 15. b3 Qc7 16. c4 a5 17. Rac1 a4 18. bxa4 Rb4 19. Bxd6 Qxd6 20. Bc2 Qe5 21. c5 Bxh3 22. Qc3 Qg5 23. Ng3 Rc4 24. Qd2 Qxd2 25. Rxd2 Be6 26. Ne2 Nd7 27. Bb3 Rxc1+ 28. Nxc1 Nxc5 29. Rc2 Nxb3 30. axb3 Bd7 31. a5 Kf8 32. b4 Rb8 33. Nd3 Bf5 34. Ne5 Rxb4 35. Rxc6 f6 36. Nf3 Ra4 37. Rc5 Be4 38. Nd2 Ke7 39. f3 Bg6 40. Rxd5 Bf7 41. Rb5 Be8 42. Rb7+ Kf8 43. Nb3 Bf7 44. Rb8+ Ke7 45. Rb7+ Kf8 46. Rb8+ Ke7 47. Rb7+ Kf8 1/2-1/2


[Site "https://www.chess.com"]

[Event "Titled Tuesday Blitz April 12 Early 2022"]
[White "Yanayt, Eugene"]
[Black "Lagumina, Giulio"]
[WhiteFideId "2020165"]
[BlackFideId "800619"]
[WhiteElo "2046"]
[BlackElo "2277"]
[Result "1-0"]
[Round "04"]
[TimeControl "180+1"]
[Date "2022.04.13"]
[WhiteClock "0:00:04"]
[BlackClock "0:00:09"]

1. d4 d6 2. Nf3 g6 3. c4 Bg7 4. Nc3 e5 5. d5 f5 6. Ng5 Nf6 7. e4 O-O 8. exf5 gxf5 9. Be2 Na6 10. Ne6 Bxe6 11. dxe6 Nc5 12. Bg5 Nxe6 13. h4 Qe8 14. Qd2 Nd4 15. O-O-O c6 16. g4 Nxg4 17. Bxg4 fxg4 18. Ne4 Qg6 19. Qe3 Rf3 20. Qd2 Rf7 21. Ng3 Raf8 22. h5 Qe6 23. Qc3 Rxf2 24. Kb1 Rc2 25. Qd3 Rff2 26. Bc1 Rf3 27. Qe4 Rxg3 28. Rxd4 Rgg2 29. Rd3 Qf6 30. Rhd1 Bh6 31. Rxd6 Rxc1+ 32. Rxc1 Qxd6 33. Qxg2 Bxc1 34. Qxg4+ Kf7 35. Kxc1 Qe6 36. Qf3+ Ke7 37. Qe4 h6 38. Qh7+ Kd6 39. Qd3+ Kc5 40. b3 a5 41. Qe3+ Kd6 42. Qd2+ Kc5 43. Qxa5+ Kd4 44. Qd2+ Kc5 45. Qe3+ Kb4 46. Kb2 Ka5 47. Qc5+ Ka6 48. b4 e4 49. Qa5# 1-0


[Site "https://www.chess.com"]

[Event "Titled Tuesday Blitz April 12 Early 2022"]
[White "Yang, Kaiqi"]
[Black "Adelman, Charles"]
[WhiteFideId "8604398"]
[BlackFideId "2003597"]
[WhiteElo "2373"]
[BlackElo "2343"]
[Result "1-0"]
[Round "04"]
[TimeControl "180+1"]
[Date "2022.04.13"]
[WhiteClock "0:01:15"]
[BlackClock "0:02:07"]

1. e4 Nf6 2. e5 Nd5 3. d4 d6 4. Nf3 dxe5 5. Nxe5 c6 6. Bc4 Bf5 7. h3 e6 8. Bb3 h6 9. O-O Be7 10. Re1 O-O 11. c3 Nd7 12. Nf3 Bh7 13. Nbd2 N5f6 14. Nc4 c5 15. Nce5 cxd4 16. Nxf7 Rxf7 17. Bxe6 Nc5 18. Bxf7+ Kxf7 19. cxd4 Nce4 20. Ne5+ Kg8 21. f3 Ng5 22. Bxg5 hxg5 23. Rc1 Nd5 24. Qb3 Kh8 25. Nf7+ 1-0


[Site "https://www.chess.com"]

[Event "Titled Tuesday Blitz April 12 Early 2022"]
[White "Yeletsky, Ivan"]
[Black "Efremova, Yulia"]
[WhiteFideId "24180327"]
[BlackFideId "14113953"]
[WhiteElo "2319"]
[BlackElo "2107"]
[Result "1-0"]
[Round "04"]
[TimeControl "180+1"]
[Date "2022.04.13"]
[WhiteClock "0:01:54"]
[BlackClock "0:01:14"]

1. e4 e6 2. d4 d5 3. exd5 exd5 4. Bf4 Bd6 5. Qd2 Nf6 6. f3 O-O 7. Nc3 Re8+ 8. Nge2 Nh5 9. Bxd6 Qxd6 10. O-O-O c6 11. g4 Nf6 12. Ng3 Qe6 13. g5 Nfd7 14. Bd3 Qe3 15. Qxe3 Rxe3 16. Nf5 Re8 17. Rde1 Rf8 18. h4 Nb6 19. Ne7+ Kh8 20. h5 Na6 21. g6 Nb4 22. gxf7 Nxd3+ 23. cxd3 Bd7 24. Ng6+ 1-0


[Site "https://www.chess.com"]

[Event "Titled Tuesday Blitz April 12 Early 2022"]
[White "Zakhartsov, Vladimir"]
[Black "Martic, Ivan"]
[WhiteFideId "4145097"]
[BlackFideId "929301"]
[WhiteElo "2491"]
[BlackElo "2317"]
[Result "1-0"]
[Round "04"]
[TimeControl "180+1"]
[Date "2022.04.13"]
[WhiteClock "0:00:17"]
[BlackClock "0:00:21"]

1. e4 c5 2. Nf3 e6 3. g3 Nc6 4. Bg2 Nf6 5. Nc3 e5 6. O-O d6 7. d3 Be7 8. Nd2 O-O 9. Nc4 Rb8 10. a4 b6 11. f4 a6 12. Nd5 b5 13. axb5 axb5 14. fxe5 dxe5 15. Nce3 Be6 16. c3 Kh8 17. Ra6 Rc8 18. g4 h6 19. h4 Nh7 20. Nxe7 Qxe7 21. Qe1 Rfd8 22. Nd5 Bxd5 23. exd5 Nb8 24. Rb6 b4 25. g5 hxg5 26. hxg5 Kg8 27. g6 fxg6 28. Re6 Qa7 29. Rxg6 Nf8 30. Rg3 bxc3 31. bxc3 c4+ 32. Be3 Qc7 33. d4 e4 34. Bf4 Qd7 35. Bxe4 Re8 36. Be5 Rxe5 37. dxe5 Qc7 38. Rf4 Nbd7 39. Rfg4 Nxe5 40. Rxg7+ Qxg7 41. Rxg7+ Kxg7 42. Qg3+ Nfg6 43. Bxg6 Nxg6 44. Qd6 Rf8 45. Qc7+ Rf7 46. Qxc4 Nf4 47. d6 Kg6 48. d7 Nh3+ 49. Kh2 1-0


[Site "https://www.chess.com"]

[Event "Titled Tuesday Blitz April 12 Early 2022"]
[White "Zaksaite, Salomeja"]
[Black "Vovk, Orest"]
[WhiteFideId "12801496"]
[BlackFideId "14113490"]
[WhiteElo "1953"]
[BlackElo "2203"]
[Result "1-0"]
[Round "04"]
[TimeControl "180+1"]
[Date "2022.04.13"]
[WhiteClock "0:00:10"]
[BlackClock "0:00:08"]

1. e4 Nf6 2. e5 Nd5 3. c4 Nb6 4. c5 Nd5 5. Nc3 Nxc3 6. bxc3 e6 7. d4 b6 8. cxb6 axb6 9. Nf3 Be7 10. Bd3 O-O 11. h4 d6 12. Bxh7+ Kxh7 13. Ng5+ Kg6 14. Qd3+ f5 15. h5+ Kh6 16. Nxe6+ Kh7 17. Nxd8 Bxd8 18. exd6 cxd6 19. Bf4 Ba6 20. Qg3 Re8+ 21. Kd1 Re6 22. Bxd6 Nd7 23. Qf3 Be2+ 24. Qxe2 Rxe2 25. Kxe2 Bg5 26. f4 Bd8 27. Kd3 Nf6 28. Be5 Ne4 29. Rhe1 Nf2+ 30. Ke3 Ne4 31. d5 b5 32. d6 Ra3 33. Rec1 b4 34. g4 Nxc3 35. Bxc3 bxc3 36. gxf5 Bf6 37. Rc2 Kg8 38. Rd1 Ra8 39. d7 Rd8 40. Ke4 Kf7 41. Rd5 Ke7 42. a4 Kf7 43. a5 Ke7 44. Kd3 Kf7 45. Rxc3 Bxc3 46. Kxc3 Ke7 47. Kb4 Rb8+ 48. Kc5 Kd8 49. a6 Rb1 50. a7 Ra1 51. Kb6 g6 52. fxg6 Rb1+ 53. Rb5 Ra1 54. g7 Ke7 55. g8=Q Kxd7 56. a8=Q Rxa8 57. Qxa8 Ke6 58. Qc6+ Ke7 59. Re5+ Kf7 60. Qe6+ Kg7 61. h6+ Kh7 62. Qf7+ Kxh6 63. Rh5# 1-0


[Site "https://www.chess.com"]

[Event "Titled Tuesday Blitz April 12 Early 2022"]
[White "Zavgorodniy, Sergiy"]
[Black "Raahul V S"]
[WhiteFideId "14110148"]
[BlackFideId "25035525"]
[WhiteElo "2420"]
[BlackElo "2185"]
[Result "1-0"]
[Round "04"]
[TimeControl "180+1"]
[Date "2022.04.13"]
[WhiteClock "0:00:21"]
[BlackClock "0:00:03"]

1. e4 e6 2. d3 d5 3. Nd2 Nc6 4. Ngf3 dxe4 5. dxe4 Bc5 6. Bb5 Bd7 7. O-O a6 8. Ba4 Nge7 9. c3 O-O 10. e5 Ng6 11. Re1 Qe7 12. Bc2 Ba7 13. Qe2 Rad8 14. Nf1 Na5 15. Bg5 f6 16. exf6 gxf6 17. Bh6 Rfe8 18. Nd4 e5 19. Nf5 Qf7 20. h4 Bxf5 21. Bxf5 Nxh4 22. Qg4+ Ng6 23. Ne3 Bxe3 24. Rxe3 Nc4 25. Rg3 Nd6 26. Bc2 f5 27. Qh5 Kh8 28. Re1 e4 29. Bb3 Re6 30. Bg5 Rf8 31. Rh3 Rfe8 32. f3 c5 33. Bxe6 Rxe6 34. fxe4 Nxe4 35. Rf1 Re5 36. Bf4 Rd5 37. Rhf3 Kg8 38. Bg5 Nd6 39. Qh6 Ne4 40. Bf4 Nf6 41. Bg3 Ng4 42. Qg5 1-0


[Site "https://www.chess.com"]

[Event "Titled Tuesday Blitz April 12 Early 2022"]
[White "Zemlyanskii, Ivan"]
[Black "Jumabayev, Rinat"]
[WhiteFideId "24249971"]
[BlackFideId "13702661"]
[WhiteElo "1759"]
[BlackElo "2561"]
[Result "0-1"]
[Round "04"]
[TimeControl "180+1"]
[Date "2022.04.12"]
[WhiteClock "0:00:26"]
[BlackClock "0:00:13"]

1. d4 Nf6 2. c4 e6 3. Nf3 Bb4+ 4. Bd2 c5 5. g3 b6 6. Bg2 Bb7 7. O-O O-O 8. Bxb4 cxb4 9. a3 Na6 10. Nbd2 Qe7 11. Re1 d6 12. e4 e5 13. d5 Rfc8 14. Nh4 g6 15. Qe2 bxa3 16. Rxa3 Nb4 17. f4 Nc2 18. Rf3 Nxe1 19. Qxe1 exf4 20. gxf4 Nd7 21. e5 dxe5 22. f5 e4 23. Rf4 e3 24. Ne4 Rxc4 25. fxg6 hxg6 26. Qxe3 Re8 27. Qg3 Rc1+ 28. Bf1 Bxd5 29. Nxg6 fxg6 30. Qxg6+ Qg7 31. Rg4 Qxg6 32. Rxg6+ Kh7 33. Rd6 Bxe4 34. Rxd7+ Kg6 35. Kf2 Rc2+ 36. Ke3 Bf5+ 37. Kf4 Rf2+ 38. Kg3 Rxf1 39. Rd6+ Re6 40. Rd8 Rfe1 41. Kf2 Rb1 42. Kf3 Rxb2 43. h4 Rb3+ 44. Kf2 Rc6 45. Rd2 Rc2 46. Rxc2 Bxc2 47. h5+ Kxh5 48. Ke2 Bf5 49. Kd2 Kg4 50. Kc1 Kf4 51. Kd2 Ke5 52. Ke1 Rf3 53. Ke2 Be4 54. Kd2 Kd4 55. Kc1 Kc3 56. Kd1 Bd3 57. Ke1 Rf1# 0-1


[Site "https://www.chess.com"]

[Event "Titled Tuesday Blitz April 12 Early 2022"]
[White "Zia, Tahsin Tajwar"]
[Black "Murzin, Volodar"]
[WhiteFideId "10211888"]
[BlackFideId "44155573"]
[WhiteElo "1800"]
[BlackElo "2585"]
[Result "0-1"]
[Round "04"]
[TimeControl "180+1"]
[Date "2022.04.13"]
[WhiteClock "0:00:03"]
[BlackClock "0:00:05"]

1. d4 Nf6 2. c4 g6 3. g3 Bg7 4. Bg2 O-O 5. Nc3 d6 6. Nf3 Nbd7 7. O-O e5 8. e4 c6 9. h3 Qb6 10. Re1 exd4 11. Nxd4 Ng4 12. Nce2 Nge5 13. b3 Nc5 14. Be3 a5 15. Rb1 Re8 16. Nc3 Qc7 17. Qc2 h5 18. Red1 Ned7 19. f4 Nf6 20. a3 Bd7 21. b4 axb4 22. axb4 Na6 23. Nf3 Nxe4 24. Nxe4 Rxe4 25. Qxe4 Bf5 26. Qxf5 gxf5 27. b5 Nc5 28. bxc6 bxc6 29. Nd4 Bxd4 30. Bxd4 Ne4 31. Rd3 f6 32. Be3 Qf7 33. Bxe4 fxe4 34. Rxd6 Qxc4 35. Rbd1 Qe2 36. Rd8+ Rxd8 37. Rxd8+ Kf7 38. Bd4 e3 39. f5 Qf2+ 40. Kh1 Qf1+ 41. Kh2 e2 42. Rd7+ Ke8 43. Rc7 e1=Q 44. Rc8+ Kd7 45. Re8 Qh1# 0-1


[Site "https://www.chess.com"]

[Event "Titled Tuesday Blitz April 12 Early 2022"]
[White "Zierk, Steven"]
[Black "Ezat, Mohamed"]
[WhiteFideId "2034255"]
[BlackFideId "10600906"]
[WhiteElo "2494"]
[BlackElo "2386"]
[Result "1-0"]
[Round "04"]
[TimeControl "180+1"]
[Date "2022.04.12"]
[WhiteClock "0:00:39"]
[BlackClock "0:00:06"]

1. d4 Nf6 2. c4 g6 3. Nc3 Bg7 4. e4 d6 5. Nf3 O-O 6. Be2 e5 7. Be3 exd4 8. Nxd4 Re8 9. f3 c6 10. Bf2 d5 11. exd5 cxd5 12. O-O Nc6 13. c5 Re5 14. Bg3 Nh5 15. Bxe5 Bxe5 16. Nxc6 bxc6 17. f4 Nxf4 18. g3 Ne6 19. Rc1 Rb8 20. Qd2 Nxc5 21. b3 Ne6 22. Kh1 h5 23. Na4 h4 24. Qe3 Qd6 25. Rxc6 Qxc6 26. Qxe5 Qc7 27. Qxc7 Nxc7 28. gxh4 Kg7 29. Bf3 d4 30. Rd1 Ne6 31. Bd5 Bb7 32. Bxb7 Rxb7 33. Nb2 Rb5 34. Kg2 Re5 35. Rd2 Re4 36. Kg3 Re3+ 37. Kg2 Re4 38. Kg3 Re3+ 39. Kg2 Nf4+ 40. Kf2 Rh3 41. Nc4 Rxh4 42. Kf3 Ne6 43. Rg2 Rh3+ 44. Ke4 d3 45. Ne5 Rh4+ 46. Ke3 Rh3+ 47. Kd2 Nc5 48. Nc4 Ne4+ 49. Ke1 f5 50. b4 Rh8 51. Kd1 Rb8 52. a3 Rc8 53. Ne5 d2 54. Rxg6+ Kh7 55. Rc6 Rd8 56. Rc7+ Kh6 57. Nf7+ Kh5 58. Nxd8 1-0


[Site "https://www.chess.com"]